 Dungeon Crawl Stone Soup version 0.21-a0-578-gc6e9d75 (webtiles) character file.

795 slep the Chopper (level 7, -2/59 HPs)
             Began as a Red Draconian Gladiator on Dec 19, 2017.
             Splashed by a jelly's acid (5 damage)
             ... on level 5 of the Dungeon.
             The game lasted 00:12:24 (3342 turns).

slep the Chopper (Red Draconian Gladiator)          Turns: 3342, Time: 00:12:28

Health: -2/59      AC:  4    Str: 16    XL:     7   Next: 58%
Magic:  7/7        EV: 14    Int: 13    God:
Gold:   141        SH:  0    Dex: 15    Spells: 4/6 levels left

rFire    + . .     SeeInvis .   w - +2 whip of Dusuvuf {slash, rElec rC+ MR+} (curse)
rCold    + . .     Gourm    .   (no shield)
rNeg     . . .     Faith    .   (armour unavailable)
rPois    .         Spirit   .   m - +2 hat
rElec    +         Reflect  .   (no cloak)
rCorr    .         Harm     .   (no gloves)
MR       +....                  (no boots)
Stlth    +.........             (no amulet)
HPRegen  0.19/turn              j - +3 ring of slaying
MPRegen  0.10/turn              (no ring)

@: confused, brilliant, lethally poisoned (-2 -> -21), corroded, hasted, very
quick
A: breathe fire, unfitting armour, fire resistance 1, cold-blooded, AC +6
a: Breathe Fire


You were on level 5 of the Dungeon.
You were not hungry.

You visited 1 branch of the dungeon, and saw 5 of its levels.
You also visited: Sewer.

You collected 141 gold pieces.

Inventory:

Hand Weapons
 a - a +0 war axe
 w - the cursed +2 whip of Dusuvuf (weapon) {slash, rElec rC+ MR+}
   (You found it on level 4 of the Dungeon)

   It inflicts extra damage upon your enemies.
   It protects you from cold.
   It insulates you from electricity.
   It affects your resistance to hostile enchantments.
   It has a curse placed upon it.
Missiles
 c - 3 throwing nets (quivered)
 l - 18 sling bullets
 q - 8 tomahawks
 v - 2 tomahawks of dispersal
 z - 19 poisoned needles
Armour
 b - a +0 hat
 m - a +2 hat (worn)
Jewellery
 j - a +3 ring of slaying (left hand)
Scrolls
 e - 4 scrolls of remove curse {unknown}
 h - 4 scrolls of teleportation {unknown}
 k - a scroll of enchant armour {unknown}
 n - a scroll of random uselessness {unknown}
 o - 2 scrolls of identify {unknown}
 p - a scroll of fog {unknown}
 x - a scroll of amnesia {unknown}
 y - 3 scrolls of immolation {unknown}
Potions
 f - a potion of haste
 g - 2 potions of might
 i - 2 potions of heal wounds
 u - a potion of agility {unknown}
 A - a potion of curing {unknown}
Books
 t - a book of Minor Magic

   Spells                             Type                      Level
   a - Magic Dart                     Conjuration                  1
   b - Blink                          Translocation                2
   c - Call Imp                       Summoning                    2
   d - Slow                           Hexes                        2
   e - Conjure Flame                  Conjuration/Fire             3
   f - Mephitic Cloud                 Conjuration/Poison/Air       3
Comestibles
 d - 7 rations
 B - 5 chunks of flesh


   Skills:
 + Level 4.0 Fighting
 + Level 6.8(7.0) Axes
 + Level 1.6(4.6) Maces & Flails
 + Level 1.8 Throwing
 + Level 4.5 Dodging
 + Level 1.5 Stealth


You had 4 spell levels left.
You knew the following spells:

 Your Spells              Type           Power        Failure   Level  Hunger
a - Blink                 Tloc           N/A          5%          2    ###....


Dungeon Overview and Level Annotations

Branches:
Dungeon (5/15)
 Temple: D:4-7

Altars:
Cheibriados
Hepliaklqana
Sif Muna
Wu Jian
Yredelemnul


Innate Abilities, Weirdness & Mutations

You can breathe blasts of fire.
Your fiery red scales are hard. (AC +6)
You cannot fit into any form of body armour.
Your flesh is heat resistant. (rF+)
You are cold-blooded and may be slowed by cold attacks.


Message History

* * * LOW HITPOINT WARNING * * *
The jelly misses you.
It was a potion of haste.
You feel yourself speed up.
* * * LOW HITPOINT WARNING * * *
You feel sick.
The scorpion stings you but does no damage.
The jelly completely misses you.
You barely miss the scorpion.
You tail-slap the scorpion, but do no damage.
The scorpion is lightly wounded.
* * * LOW HITPOINT WARNING * * *
You feel sick. The scorpion closely misses you.
It was a potion of ambrosia.
You are confused.
You feel invigorated.
* * * LOW HITPOINT WARNING * * *
You feel sick. The jelly hits you.
* * * LOW HITPOINT WARNING * * *
You are splashed with acid!
The acid burns!
You die...

##### ....# #....# ....#
#....###########....#
#.............J.....#
###....#####...@s.)...#
##.............####....#
..............## #
.......
#.........(.>.##..
..#####
......................
##............##..##..#
........รท....## ....##
##..####.....# ..## #..#
#......# .


You could see a scorpion and a jelly.

Vanquished Creatures
  Purgy (Sewer)
  An ice beast (D:5)
  A phantom (D:5)
  Blork the orc (D:5)
  A crimson imp (D:5)
  2 hounds
  Terence (D:3)
  Natasha (twice) (D:3)
  An orc wizard (D:3)
  2 worker ants (D:4)
  A hound zombie (D:5)
  7 adders
  A shadow imp (D:5)
  An ooze (D:2)
  2 worms (D:3)
  A dart slug (D:1)
  5 leopard geckos
  18 orcs
  3 ball pythons (Sewer)
  9 bats
  4 giant cockroaches
  13 goblins
  7 hobgoblins
  3 jackals (D:3)
  5 quokkas
  6 frilled lizards
  A giant cockroach zombie (D:2)
  A jackal skeleton (D:5)
  5 kobolds
  10 rats
116 creatures vanquished.

Notes
Turn   | Place    | Note
-------+----------+-------------------------------------------
     0 | D:1      | slep the Draconian Gladiator began the quest for the Orb.
     0 | D:1      | Reached XP level 1. HP: 17/17 MP: 1/1
    58 | D:1      | Reached XP level 2. HP: 18/24 MP: 2/2
   415 | D:1      | Reached XP level 3. HP: 18/30 MP: 3/3
   892 | D:2      | Found a snail-covered altar of Cheibriados.
  1128 | D:2      | Reached skill level 4 in Axes
  1291 | D:2      | Reached XP level 4. HP: 37/37 MP: 4/4
  1436 | D:3      | Found a glowing drain.
  1440 | Sewer    | Entered a sewer
  1479 | Sewer    | Noticed Purgy
  1498 | Sewer    | Killed Purgy
  1498 | Sewer    | Reached skill level 5 in Axes
  1498 | Sewer    | Reached XP level 5. HP: 13/45 MP: 5/5
  1934 | D:3      | Noticed Terence
  1942 | D:3      | Killed Terence
  1942 | D:3      | Reached skill level 1 in Stealth
  1942 | D:3      | Reached XP level 6. HP: 49/51 MP: 6/6
  2000 | D:3      | Found a hazy altar of Hepliaklqana.
  2004 | D:3      | Found a basalt altar of Yredelemnul.
  2098 | D:3      | Learned a level 2 spell: Blink
  2146 | D:3      | Noticed Natasha
  2150 | D:3      | Killed Natasha
  2573 | D:3      | Noticed Natasha
  2580 | D:3      | Killed Natasha
  2755 | D:3      | Found a deep blue altar of Sif Muna.
  2993 | D:4      | Got a bloodstained whip
  2998 | D:4      | Identified the cursed +2 whip of Dusuvuf {slash, rElec rC+ MR+} (You found it on level 4 of the Dungeon)
  3132 | D:4      | Reached skill level 6 in Axes
  3193 | D:5      | Entered Level 5 of the Dungeon
  3193 | D:5      | Noticed an ice beast
  3202 | D:5      | Killed an ice beast
  3202 | D:5      | Your scales start taking on a fiery red colour.
  3202 | D:5      | Reached XP level 7. HP: 51/58 MP: 7/7
  3202 | D:5      | Gained mutation: Your flesh is heat resistant. (rF+) [Red Draconian growth]
  3206 | D:5      | Found an ornate altar of the Wu Jian Council.
  3306 | D:5      | Reached skill level 1 in Maces & Flails
  3320 | D:5      | Noticed Blork the orc
  3332 | D:5      | Killed Blork the orc
  3337 | D:5      | HP: 1/59 [poisoned by a scorpion]
  3342 | D:5      | Splashed by a jelly's acid

Vault maps used:
D:1:      lightli_arrival_lavapool
D:2:      cheibriados_altar_1
D:3:      mumra_celtic_spiral_tile, led_sif_pool, grunt_temple_overflow_open,
          gup_sewer_entry_spiral, first_ration, nrook_uturn,
          minmay_divided_ellipse, uniq_terence, uniq_natasha
D:4:      okawaru_ov_weapons_minmay, kennysheep_generic_room_8, uniq_edmund,
          uniq_menkaure
D:5:      tso_metal_star, lemuel_doored_altar, palyth_stone_intersect,
          uniq_blork_the_orc
Sewer:    sewer_co_purgy_island

Skill      XL: |  1  2  3  4  5  6  7 |
---------------+----------------------+-----
Dodging        | 3 4 |  4.5
Axes           | 4 5 6 |  6.8
Fighting       | 3 4 |  4.0
Stealth        | 1 |  1.5
Maces & Flails | 1 |  1.6
Throwing       | |  1.8

Action                   |  1- 3 |  4- 6 |  7- 9 || total
-------------------------+-------+-------+-------++-------
Melee: War axe           |    74 |   130 |       ||   204
       Tailslap          |     6 |    19 |     8 ||    33
       Whip              |       |    17 |    52 ||    69
  Use: Potion            |       |     1 |     4 ||     5
 Stab: Sleeping          |     2 |     1 |       ||     3
  Eat: Chunk             |     1 |     6 |     1 ||     8
Armor: Skin              |    25 |    59 |    18 ||   102
Dodge: Dodged            |    69 |   118 |    43 ||   230

Table legend:
 A = Spawn XP
 B = Non-spawn XP
 C = Spawn XP percentage of total XP
 D = Spawn monster count
 E = Non-spawn monster count
 F = Spawn count percentage of total count
 G = Total turns spent on level
                    A         B        C        D         E        F      G
               +---------+---------+-------+---------+---------+-------+---------
         Total |       0 |    1137 |   0.0 |       0 |     116 |   0.0 |  3342
               +---------+---------+-------+---------+---------+-------+---------
           D:1 |       0 |      45 |   0.0 |       0 |      24 |   0.0 |   567
           D:2 |       0 |      52 |   0.0 |       0 |      16 |   0.0 |   765
           D:3 |       0 |     276 |   0.0 |       0 |      52 |   0.0 |  1465
           D:4 |       0 |     121 |   0.0 |       0 |       4 |   0.0 |   211
           D:5 |       0 |     495 |   0.0 |       0 |      13 |   0.0 |   149
         Sewer |       0 |     148 |   0.0 |       0 |       7 |   0.0 |   185
               +---------+---------+-------+---------+---------+-------+---------
